 Dungeon Crawl Stone Soup version 0.21-a0-19-g210df22 (webtiles) character file.

74 lauthentik the Skirmisher (level 4, -1/40 HPs)
             Began as a Hill Orc Fighter on May 24, 2017.
             Slain by an orc warrior
             ... wielding a +0 halberd
              (16 damage)
             ... on level 3 of the Dungeon.
             The game lasted 00:03:55 (1882 turns).

lauthentik the Skirmisher (Hill Orc Fighter)        Turns: 1882, Time: 00:03:57

Health: -1/40      AC:  7    Str: 19    XL:     4   Next: 30%
Magic:  4/4        EV:  7    Int:  8    God:
Gold:   92         SH:  9    Dex: 10    Spells: 3/3 levels left

rFire    + . .     SeeInvis .   t - +0 long sword
rCold    x . .     Gourm    .   c - +0 shield
rNeg     . . .     Faith    .   b - +0 scale mail
rPois    .         Spirit   .   (no helmet)
rElec    .         Reflect  .   (no cloak)
rCorr    .         Harm     .   (no gloves)
MR       .....                  (no boots)
Stlth    ..........             (no amulet)
Regen    0.2/turn               e - ring of flight
MPRegen  0.1/turn               p - ring of fire

@: no status effects
A: no striking features
a: Evoke Flight


You were on level 3 of the Dungeon.
You were not hungry.

You visited 1 branch of the dungeon, and saw 3 of its levels.

You collected 92 gold pieces.

Inventory:

Hand Weapons
 a - a +0 long sword
 t - a +0 long sword (weapon)
Armour
 b - a +0 scale mail (worn)
 c - a +0 shield (worn)
Jewellery
 e - a ring of flight (left hand)
 p - a ring of fire (right hand)
Scrolls
 g - a scroll of teleportation {unknown}
 l - a scroll of immolation {unknown}
 m - 2 scrolls of identify {unknown}
 s - 2 scrolls of remove curse {unknown}
 w - a scroll of recharging {unknown}
Potions
 d - 2 potions of might
 i - a potion of agility {unknown}
 j - a potion of magic {unknown}
 k - 2 potions of lignification {unknown}
 o - a potion of haste {unknown}
 q - a potion of degeneration {unknown}
 r - a potion of brilliance {unknown}
 u - a potion of curing {unknown}
Comestibles
 f - 2 bread rations
 h - 3 royal jellies
 n - a meat ration
 v - 3 chunks of flesh


   Skills:
 + Level 4.1 Fighting
 + Level 3.4 Long Blades
 + Level 3.7 Armour
 + Level 0.4 Dodging
 + Level 0.1 Stealth
 + Level 3.8 Shields


You had 3 spell levels left.
You didn't know any spells.

Dungeon Overview and Level Annotations

Branches:
Dungeon (3/15)

Altars:
Elyvilon
Sif Muna

Annotations:
D:3 1 transporter


Message History

The bat hits you but does no damage.
The adder zombie bites you but does no damage.
The sky beast flickers out of sight!
Deactivating autopickup; reactivate with Ctrl-A.
The adder zombie bites you but does no damage.
Found three items.
Found a white marble altar of Elyvilon and a deep blue altar of Sif Muna.
The bat barely misses you.
You riposte.
You miss the bat.
A sky beast appears from thin air!
Reactivating autopickup.
The bat hits you but does no damage.
The bullfrog snags a nearby millipede with its tongue.
Found 18 gold pieces.
The bullfrog hits you.
You closely miss the bullfrog.
The bullfrog hits you but does no damage.
The orc warrior hits you from afar with a halberd!!
The bullfrog hits you.
The orc warrior hits you from afar with a halberd!
You die...

##.......## ##.
#.......##.........####..
...r...............'.....
.#########.........####..
# ##8|_._.8##.......##
##. #. $.$$$?$.#......##
## #.# #...##.#.#...##
#.#.##..o##.#.##'##
#.#©...ZbF@.#.##.#
#.#.##..a##.#.##.####
#.#.##...##.#.......#
#.#.....Y...#.....#.#
#.##8.....8##.......####
#..#########............
##.....©(.........#.####
#####.......#...##.#
##...##........#


You could see an orc warrior, a bullfrog, a worker ant, an adder zombie and a
bat.

Vanquished Creatures
  Robin (D:2)
  An ooze (D:1)
  2 worms (D:2)
  3 dart slugs
  A leopard gecko (D:1)
  2 giant cockroaches (D:1)
  10 goblins
  7 hobgoblins
  A quokka (D:3)
  A ball python (D:1)
  2 bats (D:2)
  A frilled lizard (D:1)
  8 kobolds
  5 rats
45 creatures vanquished.

Notes
Turn   | Place    | Note
-------+----------+-------------------------------------------
     0 | D:1      | lauthentik the Hill Orc Fighter began the quest for the Orb.
     0 | D:1      | Reached XP level 1. HP: 19/19 MP: 1/1
    57 | D:1      | Reached XP level 2. HP: 27/27 MP: 2/2
   293 | D:1      | Reached XP level 3. HP: 33/33 MP: 3/3
  1230 | D:2      | Noticed Robin
  1241 | D:2      | Reached skill level 4 in Fighting
  1248 | D:2      | Killed Robin
  1285 | D:2      | Reached XP level 4. HP: 15/40 MP: 4/4
  1858 | D:3      | Noticed a bullfrog
  1859 | D:3      | Noticed a sky beast
  1878 | D:3      | Noticed an orc warrior
  1878 | D:3      | Found a white marble altar of Elyvilon.
  1878 | D:3      | Found a deep blue altar of Sif Muna.
  1882 | D:3      | Slain by an orc warrior

Vault maps used:
D:1:      dpeg_arrival_pond
D:2:      uniq_robin
D:3:      gammafunk_temple_overflow_arena, first_bread

Skill      XL: |  1  2  3 |
---------------+----------+-----
Fighting       | 4 |  4.1
Long Blades    | 3 |  3.4
Armour         | |  3.7
Dodging        | |  0.4
Stealth        | |  0.1
Shields        | |  3.8

Action                   |  1- 3 |  4- 6 || total
-------------------------+-------+-------++-------
Melee: Long sword        |   114 |    38 ||   152
  Eat: Chunk             |     1 |     2 ||     3
Armor: Scale mail        |    46 |    13 ||    59
Dodge: Dodged            |    28 |     6 ||    34
Block: Shield            |    61 |    16 ||    77
       Rpst.: Long sword |     6 |     4 ||    10
